 Dungeon Crawl Stone Soup version 0.30-a0-913-g9934a0ce24 (webtiles) character file.

Game seed: 7030460773850003425

105501 Pooter the Severer (level 15, -3/208 HPs)
             Began as a Minotaur Berserker on Mar 19, 2023.
             Was a High Priest of Trog.
             Slain by a demonic crawler (13 damage)
             ... on level 1 of the Spider Nest.
             The game lasted 02:20:22 (26804 turns).

Pooter the Severer (Minotaur Berserker)            Turns: 26804, Time: 02:20:22

Health: -3/208     AC: 20    Str: 24    XL:     15   Next: 94%
Magic:  12/12      EV:  8    Int:  4    God:    Trog [*****.]
Gold:   632        SH:  0    Dex: 15    Spells: 14/14 levels left

rFire   + . .      SeeInvis .    a - +1 battleaxe (heavy)
rCold   . . .      Faith    .    (shield currently unavailable)
rNeg    . . .      Spirit   .    U - +3 plate armour {rF+}
rPois   +          Reflect  .    (helmet restricted)
rElec   .          Rampage  .    q - scarf {shadows}
rCorr   .                        p - +0 pair of gloves {Stlth+}
Will    +....                    L - +1 pair of boots "Laur Lea" {Regen+ Stlth+} Stlth
                                 s - amulet of the acrobat
HPRegen 1.34/turn                P - ring of poison resistance
MPRegen 0.13/turn                S - +4 ring of slaying

@: berserking, very quick
A: horns 2, retaliatory headbutt, low MP 1
a: Renounce Religion, Berserk, Trog's Hand, Brothers in Arms


You were on level 1 of the Spider Nest.
You worshipped Trog.
Trog was extremely pleased with you.
You visited 5 branches of the dungeon, and saw 24 of its levels.
You also visited: Ossuary and Bailey.

You collected 2776 gold pieces.
You spent 2144 gold pieces at shops.

Inventory:

Hand Weapons
 a - a +1 heavy battleaxe (weapon)
   (You bought it in a shop on level 2 of the Orcish Mines)
 b - a +2 arbalest
   (You took it off an orc warrior on level 7 of the Dungeon)
 G - a +2 executioner's axe
   (Trog gifted it to you on level 2 of the Orcish Mines)
 J - a +4 antimagic battleaxe
   (You took it off Rupert on level 14 of the Dungeon)
 X - a +10 battleaxe of flaming
   (You took it off an orc warlord in a bailey)
Missiles
 B - 30 boomerangs (quivered)
 I - 9 javelins
 K - 7 curare-tipped darts
Armour
 p - a +0 pair of gloves of stealth (worn)
   (You bought it in a shop on level 12 of the Dungeon)
 q - a scarf of shadows (worn)
   (You found it on level 7 of the Dungeon)
 L - the +1 pair of boots "Laur Lea" (worn) {Regen+ Stlth+}
   (You acquired it on level 7 of the Dungeon)

   Regen:     It increases your rate of health regeneration.
   Stlth:     It makes you more stealthy.
 U - a +3 plate armour of fire resistance (worn)
   (You took it off an orc warrior on level 2 of the Orcish Mines)
Jewellery
 s - an amulet of the acrobat (around neck)
   (You found it on level 2 of the Lair of Beasts)
 w - a +6 ring of strength
   (You found it on level 9 of the Dungeon)
 z - the ring of Julewk {rElec AC+4}
   (You found it on level 2 of the Lair of Beasts)

   [ring of protection]

   AC:        It affects your AC (+4).
   rElec:     It insulates you from electricity.
 C - a ring of resist corrosion
   (You found it on level 4 of the Lair of Beasts)
 F - a ring of protection from fire
   (You found it on level 15 of the Dungeon)
 N - a ring of positive energy
   (You found it on level 9 of the Dungeon)
 P - a ring of poison resistance (left hand)
   (You bought it in a shop on level 12 of the Dungeon)
 Q - the ring "Ureciuz" {Fly AC+4 Int+4 Slay+3}
   (You bought it in a shop on level 12 of the Dungeon)

   [ring of protection]

   AC:        It affects your AC (+4).
   Int:       It affects your intelligence (+4).
   Slay:      It affects your accuracy & damage with ranged weapons and melee
   (+3).
   Fly:       It grants you flight.
 S - a +4 ring of slaying (right hand)
   (You acquired it in a bailey)
 Z - a ring of ice
   (You took it off Fannar on level 11 of the Dungeon)
Wands
 d - a wand of iceblast (14)
   (You found it on level 7 of the Dungeon)
 f - a wand of flame (47)
   (You found it on level 7 of the Dungeon)
 u - a wand of paralysis (4)
   (You found it on level 9 of the Dungeon)
 A - a wand of polymorph (5)
   (You took it off Ijyb on level 4 of the Dungeon)
 D - a wand of digging (19)
   (You took it off Sigmund on level 2 of the Dungeon)
 Y - a wand of mindburst (10)
   (You found it on level 10 of the Dungeon)
Scrolls
 c - a scroll of silence
 i - 8 scrolls of identify {@r1}
 j - 2 scrolls of fear
 o - 5 scrolls of poison {!r}
 r - a scroll of butterflies
 t - 6 scrolls of teleportation {@r4}
 x - 6 scrolls of blinking
 y - 3 scrolls of magic mapping
 E - 6 scrolls of vulnerability {!r}
 H - 3 scrolls of noise {!r}
 R - 4 scrolls of immolation {!r}
 T - a scroll of fog
Potions
 e - 7 potions of attraction {!q}
 g - a potion of invisibility
 h - 4 potions of might
 k - 6 potions of cancellation
 l - 5 potions of lignification {!q}
 m - 10 potions of heal wounds {@q2}
 n - 5 potions of flight
 v - 2 potions of mutation {!q}
 M - 3 potions of haste {@q3}
 O - 3 potions of resistance
 W - 4 potions of curing {@q1}
Miscellaneous
 V - a piece from Xom's chessboard (15/15)
   (You found it on level 5 of the Lair of Beasts)


   Skills:
 + Level 14.5 Fighting
 - Level 19.9(20.0) Axes
 + Level 16.3 Ranged Weapons
 + Level 2.9 Throwing
 + Level 7.5 Armour
 + Level 4.1 Dodging
 - Level 8.0 Stealth
 + Level 8.1 Evocations


You had 14 spell levels left.
You didn't know any spells.
Your spell library was empty.

Dungeon Overview and Level Annotations

Branches:
Dungeon (15/15)            Temple (0/1) D:4            Lair (5/5) D:10
 Shoals (0/4) Lair:2       Spider (1/4) Lair:3        Slime (0/5) Lair:4
    Orc (2/2) D:11            Elf (1/3) Orc:2        Vaults (0/5) D:13
 Depths (0/4) D:15        Ossuary (visited)          Bailey (visited)

Altars:
Cheibriados
Elyvilon
Hepliaklqana
Nemelex Xobeh
Vehumet
Wu Jian
Yredelemnul
The Shining One
Lugonu

Shops:
D:1 ?   D:8 :(:   D:10 [   D:12 [[=   Orc:2 ?:((

Portals:
Abyss: Lair:5


Innate Abilities, Weirdness & Mutations

You have a pair of horns on your head.
You reflexively headbutt those who attack you in melee.
Your magical capacity is low. (-10% MP)


Message History

* * * LOW HITPOINT WARNING * * *
The demonic crawler hits you but does no damage.
The torpor snail bites you but does no damage.
The demonic crawler hits you but does no damage.
The demonic crawler hits you.
* * * LOW HITPOINT WARNING * * *
The demonic crawler hits you but does no damage.
The moth of wrath goads the torpor snail on!
The torpor snail goes berserk!
You hit the demonic crawler but do no damage.
You hit the demonic crawler. You slash the torpor snail!
You kill the torpor snail!
Trog accepts your kill.
You feel yourself speed up.
The demonic crawler hits you but does no damage.
The demonic crawler hits you.
* * * LOW HITPOINT WARNING * * *
The demonic crawler hits you.
* * * LOW HITPOINT WARNING * * *
The demonic crawler hits you but does no damage. x2
The demonic crawler barely misses you. x2
The demonic crawler hits you but does no damage.
The demonic crawler hits you!
* * * LOW HITPOINT WARNING * * *
The demonic crawler hits you but does no damage.
The demonic crawler hits you.
* * * LOW HITPOINT WARNING * * *
The demonic crawler hits you.
* * * LOW HITPOINT WARNING * * *
The demonic crawler hits you!
* * * LOW HITPOINT WARNING * * *
The demonic crawler hits you.
* * * LOW HITPOINT WARNING * * *
The demonic crawler hits you!
* * * LOW HITPOINT WARNING * * *
The moth of wrath bites you!
* * * LOW HITPOINT WARNING * * *
The moth of wrath infuriates you!
A red film seems to cover your vision as you go berserk!
You feel yourself moving faster!
You feel mighty!
Unknown command.
You open the moth of wrath like a pillowcase!!!
You chop the demonic crawler into pieces!!!
You hit the demonic crawler.
You hear a faint skittering sound.
You hear a hideous shriek!
You hear a faint skittering sound.
The demonic crawler hits you!
* * * LOW HITPOINT WARNING * * *
The demonic crawler hits you!
You die...

....... . .........
......... ......###.
.####.... .......#..
..)#..... .........
........# #......#.
.......## ###........
#......# #.#†sy.....
.......# #...@s.#...
...#....# ####.........
..#......##............
.).....(.#.............
.##............†.......
......................#
.!..#..##....†.........
.......................
............†>.........


You could see 2 demonic crawlers and a moth of wrath.

Vanquished Creatures
  Rupert (D:14)
  An orc warlord (Bailey)
  The ghost of dr0g0th the Impaler, a journeyman GrGl of Okawaru (Lair:2)
  2 fire dragons
  6 hydras
  Fannar (D:11)
  5 centaur warriors
  2 catoblepae (Lair:5)
  7 two-headed ogres
  An ogre mage (D:13)
  2 boulder beetles
  3 orc high priests (Orc:2)
  Urug (D:10)
  6 death yaks
  3 thrashing horrors (Lair:5)
  Sonja (D:13)
  Lodul (D:14)
  A skyshark (Lair:5)
  3 skeletal warriors (D:14)
  2 orb spiders
  A swamp dragon (shapeshifter) (Lair:5)
  2 necromancers (D:15)
  6 deep elf pyromancers
  A harpy (D:15)
  2 wolf spiders (Spider:1)
  10 orc knights
  9 ugly things
  3 manticores
  5 orc sorcerers
  5 cyclopes
  A moth of wrath (Spider:1)
  13 elephants
  8 black mambas
  11 cane toads
  3 torpor snails
  A gargoyle (D:12)
  Maggie (D:7)
  An ice statue (Lair:2)
  2 smoke demons (Lair:5)
  Psyche (D:8)
  4 komodo dragons
  2 kobold demonologists
  3 unseen horrors
  4 freezing wraiths (D:15)
  An ancient zyme (Lair:5)
  2 rime drakes
  2 polar bears
  3 hornets
  9 trolls
  A polar bear (shapeshifter) (D:15)
  18 dream sheep
  2 large abominations (Lair:5)
  A wolf spider simulacrum (D:15)
  19 blink frogs
  4 tarantellas (Spider:1)
  A snapping turtle (Lair:2)
  Sigmund (D:2)
  3 jumping spiders (Spider:1)
  4 ynoxinuls (Lair:5)
  5 culicivoras (Spider:1)
  2 vampires
  2 wraiths
  3 shadows
  3 centaur simulacra
  A culicivora (shapeshifter) (D:15)
  A spriggan (Lair:5)
  5 water elementals
  A wyvern (D:7)
  57 yaks
  10 basilisks
  2 steam dragons
  10 vampire mosquitoes
  5 redbacks (Spider:1)
  A warg (Orc:2)
  20 water moccasins
  3 acid dragons
  27 orc warriors
  A black bear (Lair:1)
  A meliai simulacrum (D:13)
  11 ogres
  3 ice beasts
  7 wolves
  12 centaurs
  An elf zombie (Ossuary)
  3 kobold brigands (D:13)
  3 phantoms
  10 bullfrogs
  An earth elemental (Elf:1)
  A gnoll sergeant (D:10)
  4 scorpions
  12 wights
  2 troll zombies (D:11)
  8 howler monkeys
  5 electric eels
  7 small abominations (Lair:5)
  3 quasits (D:5)
  15 orc priests
  5 hounds
  2 human zombies (Ossuary)
  2 gnoll boudas
  Ijyb (D:4)
  2 iguanas
  16 orc wizards
  12 hell rats
  6 ogre zombies (D:11)
  2 hound zombies (Ossuary)
  3 mummies (Ossuary)
  6 adders
  22 gnolls
  A river rat (D:6)
  4 shadow imps
  12 white imps
  4 ufetubi
  3 adder zombies (Ossuary)
  A worm (D:3)
  5 dart slugs
  52 orcs
  6 ball pythons
  8 endoplasms
  A giant cockroach (D:4)
  5 gnoll zombies (Ossuary)
  8 goblins
  7 hobgoblins
  4 quokkas
  3 bats
  3 frilled lizards
  A goblin skeleton (D:11)
  5 goblin zombies
  A hobgoblin skeleton (D:11)
  3 hobgoblin zombies (Ossuary)
  6 jackal zombies (Ossuary)
  15 kobolds
  5 kobold zombies (Ossuary)
  3 orc skeletons (D:11)
  18 orc zombies
  3 quokka zombies
  6 rats
  5 rat zombies
765 creatures vanquished.

Vanquished Creatures (collateral kills)
  An ogre (D:14)
1 creature vanquished.

Vanquished Creatures (others)
  An orc wizard (D:13)
  A hobgoblin zombie (D:11)
  3 demonic plants (D:5)
  18 fungi
  44 plants
67 creatures vanquished.

Grand Total: 833 creatures vanquished

Notes
Turn   | Place    | Note
-------+----------+-------------------------------------------
     0 | D:1      | Pooter the Minotaur Berserker began the quest for the Orb.
     0 | D:1      | Reached XP level 1. HP: 19/19 MP: 0/0
    37 | D:1      | Reached skill level 4 in Axes
    39 | D:1      | Found Besiror's Magic Scroll Emporium.
   184 | D:1      | Bought a scroll of identify for 22 gold pieces
   194 | D:1      | Reached XP level 2. HP: 26/26 MP: 1/1
   507 | D:2      | Found a white marble altar of Elyvilon.
   802 | D:2      | Reached skill level 5 in Axes
   802 | D:2      | Reached XP level 3. HP: 31/31 MP: 2/2
   812 | D:2      | Reached skill level 1 in Ranged Weapons
  1011 | D:1      | Bought a scroll of poison for 44 gold pieces
  1119 | D:2      | Noticed Sigmund
  1147 | D:2      | Killed Sigmund
  1148 | D:2      | Reached skill level 6 in Axes
  1148 | D:2      | Reached XP level 4. HP: 21/39 MP: 3/3
  1148 | D:2      | Reached XP level 5. HP: 24/45 MP: 4/4
  1386 | D:2      | Reached ** piety under Trog
  1646 | D:3      | Found a basalt altar of Yredelemnul.
  1952 | D:3      | Reached skill level 7 in Axes
  2355 | D:3      | Found a glowing golden altar of the Shining One.
  2355 | D:3      | Found a radiant altar of Vehumet.
  2363 | D:3      | Found a hazy altar of Hepliaklqana.
  2375 | D:3      | Reached XP level 6. HP: 51/51 MP: 5/5
  2378 | D:3      | Found a sparkling altar of Nemelex Xobeh.
  2379 | D:3      | Found a snail-covered altar of Cheibriados.
  2541 | D:4      | Found a staircase to the Ecumenical Temple.
  2598 | D:4      | Noticed Ijyb
  2627 | D:4      | Killed Ijyb
  2704 | D:4      | Found a sand-covered staircase.
  2711 | Ossuary  | Entered an ossuary
  2864 | Ossuary  | Reached skill level 8 in Axes
  2971 | Ossuary  | Reached XP level 7. HP: 55/57 MP: 6/6
  2999 | Ossuary  | Reached *** piety under Trog
  3559 | D:5      | Entered Level 5 of the Dungeon
  3584 | D:5      | Reached skill level 9 in Axes
  3737 | D:5      | Reached skill level 5 in Ranged Weapons
  3819 | D:5      | Reached XP level 8. HP: 67/67 MP: 7/7
  3952 | D:5      | Reached **** piety under Trog
  3953 | D:5      | Reached skill level 10 in Axes
  4142 | D:5      | Reached skill level 5 in Fighting
  4766 | D:6      | Reached skill level 11 in Axes
  5164 | D:6      | Reached XP level 9. HP: 75/75 MP: 8/8
  5390 | D:7      | Identified a scroll of acquirement
  5391 | D:7      | Acquired the +1 pair of boots "Laur Lea" {Regen+ Stlth+}
  5452 | D:7      | Found a flagged portal.
  5484 | Bailey   | Entered a bailey
  5490 | Bailey   | Noticed an orc warlord
  5490 | Bailey   | Found the +13 scythe of Curses {drain, curses, Drain}
  5539 | Bailey   | Reached skill level 12 in Axes
  5580 | Bailey   | Found a runed translucent gate.
  5583 | Bailey   | Found a runed translucent gate.
  5584 | Bailey   | Found a runed translucent gate.
  5585 | Bailey   | Noticed an orc knight
  5588 | Bailey   | Noticed an orc knight
  5598 | Bailey   | Killed an orc knight
  5606 | Bailey   | Killed an orc knight
  5637 | Bailey   | Upgraded the game from 0.30-a0-900-g23479c02f2 to
                  | 0.30-a0-913-g9934a0ce24
  6026 | Bailey   | Killed an orc warlord
  6027 | Bailey   | Reached skill level 13 in Axes
  6027 | Bailey   | Reached XP level 10. HP: 37/88 MP: 9/9
  6090 | Bailey   | Acquired a +4 ring of slaying
  6404 | D:7      | Noticed Maggie
  6433 | D:7      | Killed Maggie
  6741 | D:8      | Found Tykhocri's Book Shoppe.
  6768 | D:8      | Reached skill level 10 in Ranged Weapons
  6796 | D:8      | Found Rosos's Antique Weapon Boutique.
  6817 | D:8      | Found Ujemoicesm's Book Emporium.
  7158 | D:8      | Noticed Psyche
  7166 | D:8      | Killed Psyche
  7167 | D:8      | Reached skill level 1 in Evocations
  7205 | D:8      | Reached skill level 14 in Axes
  7868 | D:9      | Reached XP level 11. HP: 95/95 MP: 10/10
  8607 | D:10     | Entered Level 10 of the Dungeon
  8607 | D:10     | Found a staircase to the Lair.
  8613 | Lair:1   | Entered Level 1 of the Lair of Beasts
  9701 | Lair:2   | Found a transporter.
  9717 | Lair:2   | Reached skill level 15 in Axes
  9845 | Lair:2   | Found a transporter.
  9848 | Lair:2   | Noticed dr0g0th's ghost (journeyman GrGl)
  9923 | Lair:2   | Reached skill level 10 in Fighting
  9923 | Lair:2   | Reached skill level 1 in Stealth
 10019 | Lair:2   | Found a staircase to the Shoals.
 10512 | Lair:3   | Noticed an eight-headed hydra
 10518 | Lair:3   | Reached XP level 12. HP: 106/106 MP: 11/11
 10519 | Lair:3   | Killed an 11-headed hydra
 10779 | Lair:3   | Found a hole to the Spider Nest.
 10863 | Lair:3   | Reached skill level 16 in Axes
 11569 | Lair:4   | Reached skill level 5 in Evocations
 12393 | Lair:4   | Reached ***** piety under Trog
 12410 | Lair:4   | Found a staircase to the Slime Pits.
 12486 | Lair:5   | Entered Level 5 of the Lair of Beasts
 12486 | Lair:5   | Noticed a death yak
 12486 | Lair:5   | Noticed a death yak
 12486 | Lair:5   | Noticed a death yak
 12486 | Lair:5   | Noticed a death yak
 12486 | Lair:5   | Noticed a death yak
 12486 | Lair:5   | Noticed a death yak
 12492 | Lair:4   | Killed a death yak
 12543 | Lair:5   | Reached XP level 13. HP: 116/116 MP: 12/12
 12566 | Lair:5   | Reached skill level 17 in Axes
 13406 | Lair:5   | Reached skill level 5 in Stealth
 13406 | Lair:5   | Received a gift from Trog
 13676 | Lair:5   | Reached skill level 15 in Ranged Weapons
 13727 | Lair:5   | Reached skill level 18 in Axes
 13810 | Lair:5   | Reached XP level 14. HP: 90/126 MP: 13/13
 14124 | Lair:5   | Found a corrupted altar of Lugonu.
 14124 | Lair:5   | Found a one-way gate to the infinite horrors of the Abyss.
 14519 | D:10     | Noticed Urug
 14529 | D:10     | Killed Urug
 15492 | D:10     | Found Anoleet's Armour Shop.
 16669 | D:11     | Found a staircase to the Orcish Mines.
 16688 | Orc:1    | Entered Level 1 of the Orcish Mines
 16866 | Orc:2    | Entered Level 2 of the Orcish Mines
 16935 | Orc:2    | Received a gift from Trog
 17691 | Orc:2    | Found a staircase to the Elven Halls.
 18383 | Orc:2    | Paralysed by an orc sorcerer for 2 turns
 19364 | Orc:2    | Found Ulleit's Book Shop.
 19364 | Orc:2    | Found Vovafeap's Magic Scroll Emporium.
 19366 | Orc:2    | Found Jekawuik's Weapon Shop.
 19366 | Orc:2    | Found Hirch's Weapon Emporium.
 19373 | Orc:2    | Bought a +1 heavy battleaxe for 261 gold pieces
 19376 | Orc:2    | Bought a scroll of enchant armour for 97 gold pieces
 19377 | Orc:2    | Bought a scroll of magic mapping for 97 gold pieces
 19377 | Orc:2    | Bought a scroll of immolation for 52 gold pieces
 19377 | Orc:2    | Bought a scroll of identify for 26 gold pieces
 19377 | Orc:2    | Bought a scroll of identify for 26 gold pieces
 19377 | Orc:2    | Bought a scroll of identify for 26 gold pieces
 19511 | D:11     | Noticed Fannar
 19521 | D:11     | Killed Fannar
 19713 | D:11     | Reached skill level 19 in Axes
 20252 | D:12     | Found Cuanocyr's Jewellery Shoppe.
 20260 | D:12     | Bought the ring "Ureciuz" {Fly AC+4 Int+4 Slay+3} for 991
                  | gold pieces
 20286 | D:12     | Found Icluph's Antique Armour Shoppe.
 20294 | D:12     | Bought a pair of glowing gloves for 202 gold pieces
 21277 | D:12     | Found Ponitu's Armour Shop.
 21390 | D:13     | Noticed Sonja
 21396 | D:13     | Killed Sonja
 21396 | D:13     | Received a gift from Trog
 21680 | D:13     | Reached XP level 15. HP: 69/136 MP: 14/14
 21893 | D:13     | Gained mutation: Your magical capacity is low. (-10% MP) [a
                  | neqoxec]
 22171 | D:13     | Found a gate to the Vaults.
 22220 | D:13     | Reached skill level 5 in Armour
 22664 | D:14     | Found an ornate altar of the Wu Jian Council.
 23217 | D:14     | Noticed Rupert
 23230 | D:14     | Killed Rupert
 23572 | D:14     | Noticed Lodul
 23580 | D:14     | Killed Lodul
 23724 | D:15     | Entered Level 15 of the Dungeon
 23898 | D:15     | Received a gift from Trog
 24231 | D:15     | Reached skill level 1 in Throwing
 24584 | D:15     | Found a staircase to the Depths.
 25366 | Lair:2   | Killed dr0g0th's ghost
 25458 | Lair:2   | Identified the ring of Julewk {rElec AC+4}
 25634 | Elf:1    | Entered Level 1 of the Elven Halls
 25710 | D:12     | Bought a ring of poison resistance for 300 gold pieces
 25844 | Spider:1 | Entered Level 1 of the Spider Nest
 26804 | Spider:1 | HP: 10/208 [demonic crawler (10)]
 26804 | Spider:1 | Slain by a demonic crawler

Illustrated notes

Levels and vault maps discovered:
D:1:      tarquinn_simple_flora_water_a, layout_rooms, serial_shops, shop,
          chequers_jeans, dk_noncrumbling_4
D:2:      layout_basic, basic_altar, st_stairs_8, grunt_decor_junction,
          nicolae_concentric_dashed_squares_wild, uniq_sigmund
D:3:      layout_basic, chequers_temple_overflow_minitemple,
          nicolae_overflow_crystal_walls, dk_noncrumbling_3, hex_large
D:4:      layout_loops_ring, minmay_temple_entry_grid, enter_ossuary_4,
          uniq_ijyb
D:5:      layout_rooms, serial_demonic, serial_demonic_a, serial_demonic_c,
          serial_demonic_g, serial_demonic_d, serial_demonic_e,
          serial_demonic_f, serial_demonic_f, serial_demonic_d,
          serial_demonic_b, serial_demonic_f, minmay_misc_feat_pillars,
          minivault_19, minivault_25
D:6:      layout_rooms
D:7:      layout_cave_pools, enter_bailey_2, uniq_maggie
D:8:      layout_basic, serial_shops, nicolae_inconvenience_store,
          nicolae_shop_crystal, nicolae_shop_overgrown_old_shop,
          kennysheep_mini, uniq_psyche, uniq_erica
D:9:      layout_grid_maze
D:10:     layout_irregular_city, lair_entry_dummy, serial_shops, shop,
          nicolae_underground_beach, uniq_urug
D:11:     layout_loops_ring, zombieorc2_lemuel, uniq_fannar
D:12:     layout_cave_pods, special_room [special_room_orc], serial_shops,
          nicolae_square_shop, shop, shop
D:13:     layout_gridville, hangedman_vaults_entry_quadrant_bands, serial_ice,
          serial_ice_m, serial_ice_j, serial_ice_b, serial_ice_d, serial_ice_h,
          serial_ice_a, uniq_sonja
D:14:     layout_irregular_city, minmay_misc_feat_ornament,
          nzn_wu_jian_council_hall, uniq_lodul, uniq_rupert
D:15:     hangedman_depths_entry_civil_slaughter, layout_loops_corners,
          kennysheep_pointless_box, minmay_shattered_shrine
Lair:1:   layout_regular_city, infiniplex_staircase_pool_2, grunt_megastairs_1,
          lemuel_fruit_fields
Lair:2:   layout_regular_city, minmay_shoals_entry_hut, nzn_ghost_randoct,
          serial_bayou_shore_a
Lair:3:   layout_roguey, nicolae_spider_entry_orb_guardian, serial_bayou,
          serial_bayou_pond_d, serial_bayou_pond_e, serial_bayou_pond_b,
          serial_bayou_pond_b, hangedman_lair_unloving_vines,
          grunt_forest_small_clearings, lemuel_fruit_tree
Lair:4:   layout_loops_ring, dpeg_slime_entry_corner, grunt_megastairs_5
Lair:5:   hellmonk_lair_end_abyssal_woods, layout_long_grid, grunt_megastairs_4
Spider:1: layout_spider_delve
Orc:1:    layout_caves
Orc:2:    grunt_orc_tribal_feast, layout_caves
Elf:1:    layout_geoelf_octagon, nicolae_trove_entry_crystal,
          gammafunk_ghost_fury_of_okawaru, minmay_elf_sorcery,
          minmay_shop_grove, uniq_asterion, uniq_jorgrun

Skill      XL: |  1  2  3  4  5  6  7  8  9 10 11 12 13 14 15 |
---------------+----------------------------------------------+-----
Axes           | 4 5 6 7 8 9 11 13 14 15 16 18 19 | 19.9
Ranged Weapons | 2 3 4 5 6 9 10 12 13 15 16 | 16.3
Fighting       | 4 6 7 8 10 11 12 13 14 | 14.5
Evocations     | 2 4 5 6 7 8 |  8.1
Stealth        | 1 3 5 7 8 |  8.0
Armour         | 4 7 |  7.5
Throwing       | 2 |  2.9
Dodging        | 4 |  4.1

Action                     |  1- 3 |  4- 6 |  7- 9 | 10-12 | 13-15 || total
---------------------------+-------+-------+-------+-------+-------++-------
  Melee: Hand axe          |    46 |       |       |       |       ||    46
         Headbutt          |     7 |    16 |    44 |    64 |   126 ||   257
         Trident           |     9 |    19 |       |       |       ||    28
         War axe           |       |    75 |   268 |       |       ||   343
         Unarmed           |       |    19 |       |       |       ||    19
         Punch             |       |     1 |     1 |       |       ||     2
         Battleaxe         |       |       |       |   234 |   568 ||   802
   Fire: Sling             |    15 |    39 |    24 |       |       ||    78
         Shortbow          |       |       |    32 |       |       ||    32
         Arbalest          |       |       |    22 |   141 |   416 ||   579
  Throw: Boomerang         |       |       |     5 |    11 |    10 ||    26
         Dart              |       |       |       |       |     3 ||     3
 Invoke: Berserk           |     1 |     1 |     9 |     3 |     3 ||    17
         Trog's Hand       |       |     3 |     6 |    12 |    25 ||    46
         Brothers in Arms  |       |       |       |       |     1 ||     1
  Evoke: Wand              |       |       |     2 |     3 |     9 ||    14
         Piece from Xom's  |       |       |       |       |     2 ||     2
    Use: Scroll            |     4 |     2 |     9 |    14 |    11 ||    40
         Potion            |     2 |       |       |     1 |     7 ||    10
   Stab: Invisible         |       |       |       |       |     1 ||     1
         Petrified         |       |       |       |       |     1 ||     1
         Paralysed         |       |       |       |       |     1 ||     1
         Distracted        |       |       |       |       |     1 ||     1
         Sleeping          |       |       |       |       |     1 ||     1
 Armour: Chain mail        |    28 |    66 |    84 |       |       ||   178
         Ring mail         |     2 |       |       |       |       ||     2
         Skin              |       |    11 |       |       |       ||    11
         Plate armour      |       |       |   146 |   180 |   443 ||   769
  Dodge: Dodged            |    31 |    72 |   133 |   123 |   311 ||   670

Table legend: (Time is in decaauts)
 A = Elapsed time spent in this place.
 B = Non-inter-level travel time spent in this place.
 C = Inter-level travel time spent in this place.
 D = Time resting spent in this place.
 E = Time spent auto-exploring this place.
 F = Levels seen in this place.
 G = Mean time per level.
                   A        B        C        D        E       F      G
               +--------+--------+--------+--------+--------+-----+--------+
         Total |  27213 |  25907 |   1306 |   6957 |  13778 |  26 | 1046.7 |
       Dungeon |  16018 |  15238 |    780 |   3405 |   9060 |  15 | 1067.9 |
          Lair |   6093 |   5683 |    410 |    649 |   3938 |   5 | 1218.6 |
   Spider Nest |    979 |    979 |      0 |    625 |    189 |   1 |  979.0 |
  Orcish Mines |   2817 |   2705 |    112 |   1621 |    345 |   2 | 1408.5 |
   Elven Halls |      4 |      2 |      2 |      0 |      0 |   1 |    4.0 |
       Ossuary |    447 |    447 |      0 |    100 |    165 |   1 |  447.0 |
        Bailey |    852 |    852 |      0 |    556 |     80 |   1 |  852.0 |
               +--------+--------+--------+--------+--------+-----+--------+

Top non-repeatable levels by time:
    D:10: 2089 daAuts
   Orc:2: 2061 daAuts
  Lair:5: 1519 daAuts
    D:15: 1501 daAuts
    D:12: 1372 daAuts
  Lair:4: 1288 daAuts
    D:13: 1285 daAuts
  Lair:2: 1262 daAuts
    D:14: 1194 daAuts
     D:9: 1148 daAuts
  Lair:3: 1099 daAuts
    D:11: 1067 daAuts
     D:5: 1029 daAuts
     D:2: 1021 daAuts
Spider:1: 979 daAuts
